 Dungeon Crawl Stone Soup version 0.28.0-53-g5a82cb258f (webtiles) character file.

Game seed: 17501291417319301014

86 themarg the Chopper (level 4, -7/41 HPs)
             Began as a Minotaur Berserker on Sept 8, 2022.
             Was a Follower of Trog.
             Mangled by Natasha (8 damage)
             ... on level 2 of the Dungeon.
             The game lasted 00:02:11 (1816 turns).

themarg the Chopper (Minotaur Berserker)            Turns: 1816, Time: 00:02:12

Health: -7/41      AC:  3    Str: 24    XL:     4   Next: 27%
Magic:  3/3        EV: 13    Int:  4    God:    Trog [*.....]
Gold:   12         SH:  0    Dex: 15    Spells: 3/3 levels left

rFire   . . .      SeeInvis .   a - +0 hand axe
rCold   . . .      Faith    .   (no shield)
rNeg    . . .      Spirit   .   h - +0 leather armour
rPois   .          Reflect  .   (helmet restricted)
rElec   .          Harm     .   (no cloak)
rCorr   .          Rampage  .   (no gloves)
Will    .....                   (no boots)
Stlth   +.........              (no amulet)
HPRegen 0.13/turn               c - +6 ring of dexterity
MPRegen 0.08/turn               (no ring)

@: no status effects
A: horns 2, retaliatory headbutt
a: Renounce Religion, Berserk


You were on level 2 of the Dungeon.
You worshipped Trog.
Trog was aware of your devotion.
You visited 1 branch of the dungeon, and saw 2 of its levels.

You collected 12 gold pieces.

Inventory:

Hand Weapons
 a - a +0 hand axe (weapon)
Armour
 h - a +0 leather armour (worn)
Jewellery
 c - a +6 ring of dexterity (left hand)
Scrolls
 d - 2 scrolls of identify {unknown}
 f - a scroll of vulnerability {unknown}
 g - 2 scrolls of teleportation {unknown}
Potions
 b - 2 potions of mutation {unknown}
 e - a potion of flight {unknown}
 i - a potion of curing {unknown}
 j - a potion of lignification {unknown}


   Skills:
 + Level 4.3 Fighting
 + Level 4.4 Axes
 + Level 3.4 Armour
 + Level 3.1 Dodging


You had 3 spell levels left.
You didn't know any spells.
Your spell library was empty.

Dungeon Overview and Level Annotations

Branches:
Dungeon (2/15)

Altars:
Vehumet

Annotations:
D:2 Natasha


Innate Abilities, Weirdness & Mutations

You have a pair of horns on your head.
You reflexively headbutt those who attack you in melee.


Message History

You feel sick.
j - a white potion
Things that are here:
a +6 dagger of venom; a +0 robe You feel sick.
You feel a strong urge to attack something.
You feel sick.
You now have 12 gold pieces.
You feel sick.
You feel sick.
You feel your anger nearly subside.
You are no longer berserk.
You are exhausted.
You feel yourself slow down.
You feel sick.
You feel sick.
You feel sick.
You feel sick.
You feel sick.
You are no longer poisoned.
You start resting.
You feel yourself speed up.
You start resting.
You recover from your berserk rage.
You start resting.
Natasha, Servant of Life and Death comes into view.
Natasha hisses angrily.
Natasha stares at you and mumbles some strange words.
The magic dart hits you!
You hit Natasha.
Natasha is heavily wounded.
Natasha claws you!
* * * LOW HITPOINT WARNING * * *
You hit Natasha.
Natasha is severely wounded.
Natasha claws you.
* * * LOW HITPOINT WARNING * * *
You hit Natasha but do no damage.
Natasha is severely wounded.
Natasha claws you.
* * * LOW HITPOINT WARNING * * *
Natasha claws you!
You die...

#.# #.##≈.≈≈≈≈_.≈ #.#
#.##..≈≈≈..♣≈ ####.#
#.##≈≈)≈≈≈≈≈≈ # ##.##.#
#.##..≈≈≈≈≈≈≈
####...#.###.##≈)≈≈≈≈≈≈≈
'.................≈.≈...
####...#.##.###≈..≈.....
# #..##.##.# ##h##.###.
#.###.##.# #@# .# #.#
..##.# #.# # #.# .###.#
#.# #.##. #.# #.# #.###
### ### ###### ......
#####.


You could see Natasha.

Vanquished Creatures
  Jessica (D:2)
  Natasha (D:2)
  An adder (D:2)
  A dart slug (D:1)
  2 ball pythons (D:1)
  A bat (D:1)
  3 endoplasms
  A giant cockroach (D:2)
  2 goblins
  2 hobgoblins (D:1)
  3 jackals (D:1)
  3 kobolds
  2 frilled lizards (D:1)
  A rat (D:1)
24 creatures vanquished.

Notes
Turn   | Place    | Note
-------+----------+-------------------------------------------
     0 | D:1      | themarg the Minotaur Berserker began the quest for the Orb.
     0 | D:1      | Reached XP level 1. HP: 19/19 MP: 0/0
   356 | D:1      | Reached XP level 2. HP: 15/27 MP: 1/1
  1576 | D:2      | Found a radiant altar of Vehumet.
  1577 | D:2      | Noticed Natasha
  1581 | D:2      | Killed Natasha
  1582 | D:2      | Reached XP level 3. HP: 33/33 MP: 2/2
  1640 | D:2      | Found a faded altar of an unknown god.
  1641 | D:2      | Noticed Jessica
  1649 | D:2      | Killed Jessica
  1650 | D:2      | Reached XP level 4. HP: 25/41 MP: 3/3
  1810 | D:2      | Noticed Natasha
  1816 | D:2      | HP: 1/41 [Natasha (4)]
  1816 | D:2      | Mangled by Natasha

Illustrated notes

Levels and vault maps discovered:
D:1:      mrwooster_arrival_statue_2, layout_loops_corners, minmay_box_of_dots
D:2:      layout_loops_corners, chequers_ecumenical_altar_island, basic_altar,
          kennysheep_generic_room_7, uniq_jessica, uniq_natasha,
          uniq_crazy_yiuf_cottage

Skill      XL: |  1  2  3 |
---------------+----------+-----
Axes           | 4 |  4.4
Fighting       | 4 |  4.3
Armour         | 3 |  3.4
Dodging        | 3 |  3.1

Action                   |  1- 3 |  4- 6 || total
-------------------------+-------+-------++-------
Melee: Hand axe          |    62 |     3 ||    65
       Headbutt          |     9 |       ||     9
       Punch             |     1 |       ||     1
Invok: Berserk           |     1 |       ||     1
Armor: Animal skin       |     6 |       ||     6
       Leather armour    |     5 |       ||     5
Dodge: Dodged            |    39 |       ||    39
